Description

Vs 2 stalker or 2 adept opener. If there's a proxy pylon you should go robo with battery in your mineral line. So not this build order.

VOD

https://www.youtube.com/watch?v=d1uDoY3dbUE

Replay - A.I. 1 (Very Easy) v Harstem - Ephemeron LE

Build Order

Get SALT Encoding   

  12  0:02  Probe  
  14  0:14  Probe  
  14  0:17  Pylon  
  14  0:26  Probe (Chrono Boost)  
  15  0:37  Gateway  
  15  0:38  Probe (Chrono Boost)  
  16  0:45  Probe (Chrono Boost)  
  17  0:50  Assimilator  
  17  0:52  Probe (Chrono Boost)  
  18  0:58  Assimilator  
  18  1:04  Probe (Chrono Boost)  
  18  1:09  Gateway  
  19  1:13  Probe (Chrono Boost)  
  20  1:19  Probe  
  21  1:25  Cybernetics Core  
  21  1:31  Probe  
  22  1:40  Pylon  
  24  2:02  Stargate  
  24  2:04  Stalker  
  26  2:13  Stalker  
  29  2:20  Warp Gate  
  29  2:22  Pylon  
  29  2:45  Oracle (Chrono Boost)  
  32  3:01  Nexus  
  32  3:04  Pylon  
  34  3:23  Stalker  
  34  3:26  Twilight Council  
  37  3:36  Stalker  
  40  3:46  Pylon  
  40  3:55  Stalker  
  43  3:57  Blink (Chrono Boost)  
  48  4:32  Stalker x2  
  53  4:41  Forge  
  55  4:50  Assimilator x2  
  55  4:57  Stalker  
  59  5:05  Stalker  
  63  5:21  Stalker  
  67  5:34  Gateway x2  
Spawning Tool Build Advisor. Get it on Overwolf

Go to:

Details

  • Created by: kappadar
  • Published on: Oct 01, 2020
  • Modified on: Oct 01, 2020
  • Patch: 4.11.0
  • Difficulty: Hard
Show
View Real Time Build Order
Export as new Build Order

Comments (0)

There are no comments. Be the first!

Create an account to comment!